[Event "Titled Tuesday Blitz March 01 Early 2022"]
[White "Jones, Gawain C B"]
[Black "Astasio Lopez, David"]
[WhiteFideId "409561"]
[BlackFideId "2230208"]
[WhiteElo "2657"]
[BlackElo "2355"]
[Result "1-0"]
[Round "02"]
[TimeControl "180+1"]
[Date "2022.03.01"]
[WhiteClock "0:00:35"]
[BlackClock "0:00:06"]

1. Nf3 d5 2. g3 c6 3. Bg2 Nf6 4. O-O Nbd7 5. c4 e6 6. b3 Bd6 7. Bb2 Qe7 8. d3 O-O 9. Nbd2 Re8 10. Rc1 a6 11. Rc2 b5 12. cxd5 cxd5 13. Nd4 Bb7 14. Qa1 Rac8 15. Rfc1 Rxc2 16. Rxc2 Rc8 17. Rxc8+ Bxc8 18. Nc6 Qf8 19. e4 dxe4 20. dxe4 Bc5 21. e5 Nd5 22. Ne4 Bb7 23. Na5 Ba8 24. Nxc5 Qxc5 25. a3 Qc2 26. b4 N7b6 27. Qc1 Qe2 28. Bd4 Nc4 29. Nxc4 Qxc4 30. Qxc4 bxc4 31. Bf1 c3 32. Bxa6 c2 33. Bb2 Nc3 34. Bd3 Be4 35. Bxc2 Ne2+ 36. Kf1 Nxg3+ 37. fxg3 Bxc2 38. Ke2 Ba4 39. Kd3 Kf8 40. Kc4 Ke8 41. b5 Kd8 42. Kb4 Bc2 43. a4 Kc8 44. a5 Kb7 45. a6+ Ka8 46. b6 Bd3 47. Ka5 Be4 48. Ba3 g6 49. Bd6 h5 50. h4 Bf3 51. Kb4 Be4 52. Kc3 Bg2 53. Kd2 Bd5 54. Ke3 Bc6 55. Kf4 Bd5 56. Kg5 Bc6 57. Kf6 Be4 58. Kxf7 Bd5 59. Kxg6 Bf3 60. Kg5 Bd5 61. Kxh5 Bf3+ 62. Kg5 Be4 63. h5 Bf3 64. h6 Be4 65. Kf6 Bd5 66. h7 Bb7 67. h8=Q+ Bc8 68. Qxc8# 1-0


[Site "https://www.chess.com"]

[Event "Titled Tuesday Blitz March 01 Early 2022"]
[White "Kadam, Om Manish"]
[Black "Ahmadzada, Ahmad"]
[WhiteFideId "45076294"]
[BlackFideId "13413007"]
[WhiteElo "1729"]
[BlackElo "2228"]
[Result "0-1"]
[Round "02"]
[TimeControl "180+1"]
[Date "2022.03.01"]
[WhiteClock "0:00:13"]
[BlackClock "0:00:11"]

1. e4 d5 2. exd5 Qxd5 3. Nc3 Qd8 4. d4 Nf6 5. Nf3 Bg4 6. h3 Bxf3 7. Qxf3 c6 8. Be3 e6 9. a3 Nbd7 10. Be2 Be7 11. O-O O-O 12. Rad1 Qc7 13. Bf4 Bd6 14. Bxd6 Qxd6 15. Ne4 Qc7 16. c4 Rad8 17. b4 Nxe4 18. Qxe4 Nf6 19. Qe3 Rd7 20. Rd2 Rfd8 21. Rfd1 a5 22. Qb3 Qb6 23. c5 Qc7 24. Bf3 axb4 25. axb4 Nd5 26. g3 g6 27. Kg2 Kg7 28. Rd3 h6 29. b5 Ra8 30. Qb2 Qa5 31. Rb3 Qa4 32. bxc6 bxc6 33. Rb7 Rxb7 34. Qxb7 Ne3+ 35. Kh2 Nxd1 36. Bxc6 Ra7 37. Qb8 Qxc6 38. Qxa7 Qf3 39. Qa1 Qxf2+ 40. Kh1 Ne3 41. Qg1 Qf3+ 42. Kh2 Nf1+ 0-1


[Site "https://www.chess.com"]

[Event "Titled Tuesday Blitz March 01 Early 2022"]
[White "Kalajzic, Ivan"]
[Black "Melian, Juan Sebastian"]
[WhiteFideId "14506378"]
[BlackFideId "3706575"]
[WhiteElo "2163"]
[BlackElo "1842"]
[Result "0-1"]
[Round "02"]
[TimeControl "180+1"]
[Date "2022.03.01"]
[WhiteClock "0:01:03"]
[BlackClock "0:00:29"]

1. b3 d5 2. Bb2 c6 3. e3 Nf6 4. Nf3 Bg4 5. Be2 Nbd7 6. O-O e6 7. h3 Bh5 8. d3 Bd6 9. Nbd2 Qe7 10. e4 dxe4 11. dxe4 Bxf3 12. Nxf3 Nxe4 13. Bxg7 Rg8 14. Bd4 Rd8 15. c4 Ng5 16. Nxg5 Qxg5 17. Bf3 Ne5 18. Qe2 Qf4 19. Rfd1 Nxf3+ 20. Kf1 Nxd4 0-1


[Site "https://www.chess.com"]

[Event "Titled Tuesday Blitz March 01 Early 2022"]
[White "Kamsky, Gata"]
[Black "Urbina Perez, Juan Antonio"]
[WhiteFideId "2000024"]
[BlackFideId "2217368"]
[WhiteElo "2645"]
[BlackElo "2192"]
[Result "1-0"]
[Round "02"]
[TimeControl "180+1"]
[Date "2022.03.01"]
[WhiteClock "0:01:46"]
[BlackClock "0:01:03"]

1. e4 e5 2. Nf3 Nc6 3. Bb5 Nf6 4. O-O Nxe4 5. d4 Nd6 6. Bxc6 dxc6 7. dxe5 Nf5 8. Qxd8+ Kxd8 9. Rd1+ Ke8 10. Nc3 h5 11. h3 Be7 12. Bf4 Nh4 13. Nxh4 Bxh4 14. g3 Be7 15. Kg2 Be6 16. f3 Rd8 17. g4 hxg4 18. hxg4 g6 19. b3 Bb4 20. Ne4 Be7 21. Nf6+ Kf8 22. Rxd8+ Bxd8 23. Rd1 Be7 24. Bg5 Kg7 25. Kg3 a6 26. Ne4 Bxg5 27. Nxg5 Re8 28. f4 Kf8 29. Nxe6+ Rxe6 30. Rd7 Re7 31. Rxe7 Kxe7 32. Kh4 f6 33. exf6+ Kxf6 34. Kg3 Ke6 35. Kf3 c5 36. Ke4 c6 37. c4 b5 38. a4 bxa4 39. bxa4 a5 40. f5+ Kf6 41. fxg6 Kxg6 42. Ke5 Kg5 43. Kd6 Kxg4 44. Kxc5 Kf5 45. Kxc6 Ke6 46. c5 Ke7 47. Kb7 1-0


[Site "https://www.chess.com"]

[Event "Titled Tuesday Blitz March 01 Early 2022"]
[White "Kanyamarala, Tarun"]
[Black "Sarkar, Justin"]
[WhiteFideId "45004714"]
[BlackFideId "2010011"]
[WhiteElo "2144"]
[BlackElo "2038"]
[Result "1-0"]
[Round "02"]
[TimeControl "180+1"]
[Date "2022.03.01"]
[WhiteClock "0:01:11"]
[BlackClock "0:00:01"]

1. d4 Nf6 2. c4 e6 3. Nc3 Bb4 4. e3 O-O 5. Bd2 d5 6. Nf3 b6 7. cxd5 exd5 8. Rc1 c6 9. Bd3 Bg4 10. Qc2 Bxf3 11. gxf3 a5 12. Ne2 Bxd2+ 13. Qxd2 Re8 14. Rg1 g6 15. Nf4 Qd6 16. Kf1 Kh8 17. h4 Nbd7 18. h5 Nxh5 19. Nxh5 gxh5 20. Ke2 c5 21. dxc5 bxc5 22. Rg5 Nf6 23. Qc3 d4 24. Qxc5 Qxc5 25. Rcxc5 dxe3 26. fxe3 a4 27. Rcf5 Re6 28. Ra5 Rae8 29. e4 Rb6 30. Rgb5 Reb8 31. Rxb6 Rxb6 32. Rb5 Rc6 33. Rb4 h4 34. e5 1-0


[Site "https://www.chess.com"]

[Event "Titled Tuesday Blitz March 01 Early 2022"]
[White "Kanyamarala, Trisha"]
[Black "Szpar, Milosz"]
[WhiteFideId "45004722"]
[BlackFideId "1184989"]
[WhiteElo "2002"]
[BlackElo "2447"]
[Result "0-1"]
[Round "02"]
[TimeControl "180+1"]
[Date "2022.03.01"]
[WhiteClock "0:00:04"]
[BlackClock "0:01:56"]

1. c4 e6 2. Nc3 d5 3. e3 Nf6 4. Nf3 c6 5. b3 Bd6 6. Bb2 Nbd7 7. d4 O-O 8. Bd3 dxc4 9. bxc4 e5 10. O-O Re8 11. Qc2 Qc7 12. Ne4 Nxe4 13. Bxe4 g6 14. c5 Bf8 15. Bd3 Bg7 16. Bc4 exd4 17. exd4 Nf6 18. Ng5 Nd5 19. Bxd5 cxd5 20. Rfe1 Bf5 21. Qb3 h6 22. Nf3 Be4 23. Nd2 Rad8 24. f3 Bf5 25. Rxe8+ Rxe8 26. Qxd5 Qa5 27. Nb3 Qb4 28. h3 h5 29. Rc1 h4 30. Bc3 Qb5 31. Re1 Bf6 32. Rxe8+ Qxe8 33. Qxb7 Qe3+ 34. Kh2 Qxc3 35. Qb8+ Kg7 36. Qd6 Qe3 37. c6 Bg5 38. Qe5+ Qxe5+ 39. dxe5 Bf4+ 40. Kg1 Bxe5 41. Kf1 Bd3+ 42. Ke1 Bb5 43. Na5 Bc3+ 0-1


[Site "https://www.chess.com"]

[Event "Titled Tuesday Blitz March 01 Early 2022"]
[White "Kaplan, Ebru"]
[Black "Sliwicki, Damian"]
[WhiteFideId "6315194"]
[BlackFideId "1127128"]
[WhiteElo "1941"]
[BlackElo "2084"]
[Result "0-1"]
[Round "02"]
[TimeControl "180+1"]
[Date "2022.03.01"]
[WhiteClock "0:00:13"]
[BlackClock "0:00:16"]

1. e4 c5 2. Nf3 g6 3. d4 cxd4 4. Qxd4 Nf6 5. Nc3 Nc6 6. Qa4 d6 7. e5 dxe5 8. Nxe5 Bg7 9. Bb5 O-O 10. Nxc6 bxc6 11. Bxc6 Rb8 12. O-O Bf5 13. Bf4 Rxb2 14. Rfd1 Qb6 15. Be3 Qc7 16. Rd2 Ng4 17. Nd5 Qxh2+ 18. Kf1 Qh1+ 19. Ke2 Qxa1 20. Nxe7+ Kh8 21. Nxf5 gxf5 22. Bd4 Bxd4 23. Qxd4+ Kg8 24. f3 Nh2 25. Qf6 Rb1 26. Rd4 Re1+ 27. Kf2 Qc1 28. Kg3 Nf1+ 29. Kh4 h6 30. Bd5 Qg5+ 31. Qxg5+ hxg5+ 32. Kxg5 Ne3 0-1


[Site "https://www.chess.com"]

[Event "Titled Tuesday Blitz March 01 Early 2022"]
[White "Karabalis, Harilos"]
[Black "Zavivaeva, Emilia"]
[WhiteFideId "4621808"]
[BlackFideId "34127531"]
[WhiteElo "2168"]
[BlackElo "1685"]
[Result "1-0"]
[Round "02"]
[TimeControl "180+1"]
[Date "2022.03.01"]
[WhiteClock "0:00:45"]
[BlackClock "0:00:07"]

1. e4 d5 2. exd5 Qxd5 3. Nc3 Qa5 4. d4 c6 5. Bc4 Nf6 6. Nf3 Bg4 7. h3 Bh5 8. g4 Bg6 9. O-O e6 10. Bd2 Be7 11. Qe2 O-O 12. Nd5 Qd8 13. Nxe7+ Qxe7 14. a3 Nbd7 15. Bb4 c5 16. dxc5 a5 17. Bc3 Nxc5 18. Ne5 Nce4 19. Bd4 Rac8 20. Bb3 Rfd8 21. Rad1 h5 22. Nxg6 fxg6 23. Bxf6 Nxf6 24. Qxe6+ Qxe6 25. Bxe6+ Kh7 26. Bxc8 Rxc8 27. c3 hxg4 28. hxg4 Nxg4 29. Rd4 Nh6 30. Kg2 Rc5 31. Rh1 Kg8 32. Rd8+ Kh7 33. Rd7 Rb5 34. b4 axb4 35. axb4 g5 36. Re1 Nf5 37. Re4 Kg6 38. Re6+ Kh5 39. Rd8 Nh4+ 40. Kh3 g4+ 41. Kg3 Nf5+ 42. Kf4 1-0


[Site "https://www.chess.com"]

[Event "Titled Tuesday Blitz March 01 Early 2022"]
[White "Karas, Marek"]
[Black "Murzin, Volodar"]
[WhiteFideId "14928558"]
[BlackFideId "44155573"]
[WhiteElo "2270"]
[BlackElo "2585"]
[Result "0-1"]
[Round "02"]
[TimeControl "180+1"]
[Date "2022.03.01"]
[WhiteClock "0:00:03"]
[BlackClock "0:00:03"]

1. d4 d5 2. Nf3 Nf6 3. Bf4 c5 4. e3 Nc6 5. Nbd2 cxd4 6. exd4 Bg4 7. c3 e6 8. h3 Bh5 9. Bd3 Bd6 10. Bxd6 Qxd6 11. O-O O-O 12. Qe2 Rab8 13. a4 a6 14. Qe3 Nd7 15. Rfe1 Bg6 16. Bxg6 hxg6 17. Ng5 b5 18. axb5 axb5 19. b4 Ra8 20. Nb3 Ne7 21. Nc5 Nb6 22. Qf3 Nf5 23. g4 Nh6 24. Rxa8 Rxa8 25. Ngxe6 Re8 26. Qd3 Nc4 27. Ra1 Rxe6 28. Nxe6 Qxe6 29. Qf3 Kh7 30. Qg3 Nd2 31. Qe3 Qxe3 32. fxe3 Ne4 33. Ra7 Nxc3 34. Kf2 g5 35. Rc7 Na2 36. Rb7 Nc3 37. Rc7 Ne4+ 38. Kf3 Ng8 39. Rxf7 Ngf6 40. Rb7 Nc3 41. Rc7 Nfe4 42. Rd7 Kg6 43. Rd8 Nd2+ 44. Kf2 Nc4 45. Rb8 Nb2 46. Kf3 Nd3 47. Rc8 Ne4 48. Rd8 Nxb4 49. Rb8 Nc3 50. Rc8 Nba2 51. Rb8 b4 52. Rb6+ Kh7 53. Kg3 Ne4+ 54. Kf3 b3 55. Ke2 Nc1+ 56. Kd1 Nd3 57. Rxb3 Ndf2+ 58. Ke2 Nxh3 59. Kf3 Ng1+ 60. Kg2 Ne2 61. Rb5 N2c3 62. Ra5 Nd2 63. Kf2 Nd1+ 64. Ke2 Nxe3 65. Ra6 Ndc4 0-1


[Site "https://www.chess.com"]

[Event "Titled Tuesday Blitz March 01 Early 2022"]
[White "Kezin, Roman"]
[Black "Volkov, Maksim"]
[WhiteFideId "24124621"]
[BlackFideId "54123070"]
[WhiteElo "2509"]
[BlackElo "2081"]
[Result "0-1"]
[Round "02"]
[TimeControl "180+1"]
[Date "2022.03.01"]
[WhiteClock "0:00:02"]
[BlackClock "0:00:15"]

1. b3 e5 2. Bb2 Nc6 3. e3 d6 4. c4 g6 5. g3 Bg7 6. Bg2 f5 7. Ne2 Nf6 8. O-O O-O 9. Nbc3 Be6 10. d3 Qd7 11. Nd5 a5 12. Qd2 g5 13. Rae1 Kh8 14. f4 gxf4 15. exf4 Rae8 16. Ne3 Ng4 17. Nxg4 fxg4 18. d4 Bf5 19. fxe5 dxe5 20. d5 Nb4 21. Nc3 Nd3 22. Rxf5 Qxf5 23. Rf1 Nf4 24. Bc1 Qg6 25. Be4 Nh3+ 26. Kg2 Qb6 27. Qe1 Rxf1 28. Kxf1 Rf8+ 29. Ke2 Rf2+ 30. Kd3 Qd4# 0-1


[Site "https://www.chess.com"]

[Event "Titled Tuesday Blitz March 01 Early 2022"]
[White "Korchmar, Vasiliy"]
[Black "Deac, Bogdan-Daniel"]
[WhiteFideId "24131750"]
[BlackFideId "1226380"]
[WhiteElo "2658"]
[BlackElo "3024"]
[Result "0-1"]
[Round "02"]
[TimeControl "180+1"]
[Date "2022.03.01"]
[WhiteClock "0:00:04"]
[BlackClock "0:00:56"]

1. e4 c5 2. Nf3 d6 3. d4 cxd4 4. Nxd4 Nf6 5. Nc3 a6 6. Be2 e5 7. Nb3 Be7 8. O-O O-O 9. Be3 Be6 10. Qd2 Nbd7 11. a4 Nb6 12. Rfd1 Rc8 13. f3 Nc4 14. Bxc4 Rxc4 15. Qf2 Qc8 16. Rd2 Rb4 17. Nd5 Nxd5 18. exd5 Bf5 19. a5 Qc4 20. Qe2 Rc8 21. Qxc4 Rcxc4 22. Bb6 Bxc2 23. Nc1 Bg5 24. Rf2 Rxb2 25. Nd3 Rb1+ 26. Rxb1 Bxb1 27. Nxe5 Rc1+ 28. Rf1 Rxf1+ 29. Kxf1 dxe5 30. g4 Ba2 31. d6 Be6 0-1


[Site "https://www.chess.com"]

[Event "Titled Tuesday Blitz March 01 Early 2022"]
[White "Kornyukov, Alexey"]
[Black "Shvedova, Alexandra"]
[WhiteFideId "4150457"]
[BlackFideId "54154782"]
[WhiteElo "2303"]
[BlackElo "1920"]
[Result "0-1"]
[Round "02"]
[TimeControl "180+1"]
[Date "2022.03.01"]
[WhiteClock "0:00:38"]
[BlackClock "0:01:02"]

1. e4 c5 2. c3 Nf6 3. e5 Nd5 4. d4 cxd4 5. cxd4 Nc6 6. Nf3 d6 7. exd6 Qxd6 8. Nc3 Bg4 9. Be2 Nf6 10. O-O e6 11. g3 Be7 12. Bf4 Qd7 13. Nb5 O-O 14. Kg2 a6 15. Nc3 Bxf3+ 16. Bxf3 Nxd4 17. Be5 Nxf3 18. Qxf3 Rfd8 19. Rad1 Qc6 20. Qxc6 bxc6 21. Bxf6 Bxf6 22. Rxd8+ Rxd8 23. Rd1 Rxd1 24. Nxd1 Kf8 25. b3 Bd4 26. Kf3 Ke7 27. Ke4 c5 28. Kd3 Kd6 29. Kc4 e5 30. f3 f5 31. a4 g5 32. a5 h5 33. h3 g4 34. fxg4 fxg4 35. hxg4 hxg4 36. b4 cxb4 37. Kxb4 Kd5 38. Kb3 Ke4 39. Kc4 Kf3 40. Kd3 Kxg3 41. Ke4 Kh2 42. Kd3 g3 43. Ke2 g2 44. Kf3 g1=Q 45. Ne3 Qxe3+ 46. Kg4 Qf4+ 47. Kh5 e4 48. Kg6 e3 49. Kh7 e2 50. Kg8 e1=Q 51. Kh7 Qeh4+ 52. Kg8 Qh8# 0-1


[Site "https://www.chess.com"]

[Event "Titled Tuesday Blitz March 01 Early 2022"]
[White "Kostiukov, Alexandr"]
[Black "Prado Lobo, Jonas"]
[WhiteFideId "14108100"]
[BlackFideId "32050666"]
[WhiteElo "2202"]
[BlackElo "2199"]
[Result "0-1"]
[Round "02"]
[TimeControl "180+1"]
[Date "2022.03.01"]
[WhiteClock "0:00:02"]
[BlackClock "0:00:59"]

1. g3 e5 2. c4 d5 3. cxd5 Qxd5 4. Nf3 Nc6 5. Nc3 Qa5 6. Bg2 Nf6 7. O-O e4 8. Ne1 Bf5 9. Qb3 O-O-O 10. Qxf7 Kb8 11. d3 Bg6 12. Qb3 Nd4 13. Qa4 Qh5 14. h4 Nxe2+ 15. Nxe2 Qxe2 16. Be3 a6 17. dxe4 Qxb2 18. e5 Nd5 19. Rd1 Qxe5 20. Rb1 Bxb1 21. Nf3 Qe4 22. Qd1 Bd3 23. Nd4 Nxe3 24. fxe3 Qxe3+ 25. Kh2 Qxd4 0-1


[Site "https://www.chess.com"]

[Event "Titled Tuesday Blitz March 01 Early 2022"]
[White "Kouskoutis, Georgios-Alexandros"]
[Black "Polster, Christian"]
[WhiteFideId "4234049"]
[BlackFideId "12965081"]
[WhiteElo "2130"]
[BlackElo "2300"]
[Result "1/2-1/2"]
[Round "02"]
[TimeControl "180+1"]
[Date "2022.03.01"]
[WhiteClock "0:00:08"]
[BlackClock "0:00:27"]

1. c4 c5 2. g3 Nc6 3. Bg2 g6 4. Nc3 Bg7 5. e4 e6 6. Nge2 Nge7 7. O-O O-O 8. Rb1 Rb8 9. h3 a6 10. a4 Nd4 11. d3 Nec6 12. Nxd4 cxd4 13. Ne2 b5 14. axb5 axb5 15. Bd2 Ba6 16. b3 Qe7 17. f4 Rb6 18. e5 Rfb8 19. Qc2 Nb4 20. Bxb4 Qxb4 21. Kh2 bxc4 22. dxc4 d6 23. Nxd4 dxe5 24. Nc6 Rxc6 25. Bxc6 exf4 26. Rxf4 Qc5 27. Bg2 e5 28. Rff1 f5 29. Bd5+ Kh8 30. b4 Rxb4 31. Rxb4 Qxb4 32. Rb1 Qd6 33. c5 Qxd5 34. Rb8+ Bf8 35. Rxf8+ Kg7 36. Rb8 Bb7 37. Rxb7+ Qxb7 38. c6 Qc7 39. Qc5 Kf6 40. Qd5 e4 41. h4 h6 42. Kg2 g5 43. hxg5+ hxg5 44. Kf2 Ke7 45. Qxf5 Qxc6 46. Qxg5+ Qf6+ 47. Qxf6+ Kxf6 48. Ke3 Kg5 49. Kxe4 Kg4 50. Ke5 Kxg3 1/2-1/2


[Site "https://www.chess.com"]

[Event "Titled Tuesday Blitz March 01 Early 2022"]
[White "Kozak, Adam"]
[Black "Kirillov, Dmitry"]
[WhiteFideId "753246"]
[BlackFideId "34180572"]
[WhiteElo "2459"]
[BlackElo "2076"]
[Result "1/2-1/2"]
[Round "02"]
[TimeControl "180+1"]
[Date "2022.03.01"]
[WhiteClock "0:00:06"]
[BlackClock "0:00:04"]

1. Nf3 Nf6 2. e3 d5 3. d4 c5 4. c3 Bg4 5. dxc5 e5 6. Qa4+ Bd7 7. Bb5 Nc6 8. b4 a5 9. Qb3 e4 10. Nd4 Ne5 11. Be2 Be7 12. h3 b6 13. cxb6 Qxb6 14. a3 O-O 15. Nd2 Rfc8 16. Bb2 axb4 17. cxb4 Bxb4 18. O-O Ba5 19. Qxb6 Bxb6 20. Rfc1 Nd3 21. Bxd3 exd3 22. N2f3 Ne4 23. Rd1 Nc5 24. Ne5 Ba4 25. Rd2 Ba5 26. Rxd3 Nxd3 27. Nxd3 Rc4 28. Nf4 Rb8 29. Ra2 Bc2 30. Nxd5 Bb1 31. Ne7+ Kf8 32. Nec6 Rb6 33. Nxa5 Ra4 34. Ra1 Rxb2 35. Nab3 Ba2 36. Nc5 Rxa3 37. Nd7+ Ke7 38. Ne5 Rb1+ 39. Rxb1 Bxb1 40. Ndc6+ Kf8 41. Nd4 g6 42. g4 Kg7 43. g5 f6 44. Ne6+ Kg8 45. gxf6 Ra7 46. f7+ Rxf7 47. Nxf7 Kxf7 48. Nd4 Kf6 49. h4 Be4 50. Kh2 Bd5 51. Kg3 h6 52. Kg4 Bc4 53. Kf4 g5+ 54. hxg5+ hxg5+ 55. Kg4 Ba6 56. Kh5 Bc8 57. Kh6 g4 58. Kh5 Bd7 59. Ne2 Kf5 60. Ng3+ Ke5 61. Kg5 Be6 62. Nh5 Ke4 63. Nf4 Bd7 64. Kh4 Kf3 65. Nd3 Bb5 66. Ne5+ Kxf2 67. Nxg4+ Kf3 68. Kg5 Bd7 69. Ne5+ Kxe3 1/2-1/2


[Site "https://www.chess.com"]

[Event "Titled Tuesday Blitz March 01 Early 2022"]
[White "Kozak, Antoni"]
[Black "Cremisi, Daniel"]
[WhiteFideId "21832030"]
[BlackFideId "2089882"]
[WhiteElo "2232"]
[BlackElo "2172"]
[Result "1-0"]
[Round "02"]
[TimeControl "180+1"]
[Date "2022.03.01"]
[WhiteClock "0:00:25"]
[BlackClock "0:00:41"]

1. d4 d5 2. Bf4 Nf6 3. e3 e6 4. c3 Bd6 5. Bg3 Ne4 6. Bd3 Nxg3 7. hxg3 h6 8. Nd2 O-O 9. Ngf3 Nd7 10. e4 dxe4 11. Nxe4 Nf6 12. Qe2 Bd7 13. Nxf6+ Qxf6 14. g4 Bc6 15. g5 Bxf3 16. gxf6 Bxe2 17. Kxe2 Rfe8 18. fxg7 Kxg7 19. Rae1 e5 20. dxe5 Rxe5+ 21. Kf3 Rae8 22. Rxe5 Rxe5 23. g3 b6 24. Rh4 a5 25. Rg4+ Rg5 26. Re4 Re5 27. Rg4+ Rg5 28. Rc4 Rc5 29. Rd4 Re5 30. Kg2 Kf8 31. Rh4 Kg7 32. Rh1 Rd5 33. Rd1 Bc5 34. Kf3 Rd6 35. Ke2 Re6+ 36. Kf1 Rd6 37. Rd2 c6 38. Ke2 a4 39. a3 b5 40. g4 Re6+ 41. Kd1 Be7 42. Bf5 Re5 43. f3 c5 44. Rd7 Bg5 45. Be4 Re7 46. Rd5 Rc7 47. Rd6 b4 48. Ra6 bxc3 49. bxc3 Bf6 50. Kc2 Rd7 51. Rxa4 Bg5 52. Rc4 Be3 53. Bd3 Kf6 54. a4 Ra7 55. Re4 Bg1 56. Bb5 Kg5 57. Re5+ Kg6 58. Kb3 f6 59. Rd5 Kf7 60. Rh5 Be3 61. Kc4 Ke7 62. Rh1 Kd8 63. Rd1+ Kc8 64. Re1 Bf2 65. Re2 Bg1 66. Re6 Rf7 67. a5 f5 68. gxf5 Rxf5 69. Bc6 Rf4+ 70. Be4 Kb8 71. Rxh6 Rf7 72. a6 Ka7 73. Rc6 Rf8 74. Re6 Rb8 75. Bb7 Rf8 76. Re7 Kb6 77. Re2 Rf4+ 78. Re4 Rf7 79. Rg4 Bf2 80. Rg6+ Ka7 81. Kb5 Rc7 82. Be4 c4 83. Rc6 Rxc6 84. Bxc6 Be1 85. Bd5 Bxc3 86. Bxc4 Bd2 87. Bd5 Kb8 88. Bb7 Be3 89. Kc6 Bg1 90. f4 Bd4 91. f5 Bc3 92. Kd7 Ka7 93. Ke7 Kb8 94. f6 Kc7 95. f7 Bb4+ 96. Ke8 Bc5 97. f8=Q Bxf8 98. Kxf8 Kb8 99. Ke7 Ka7 100. Kd6 Kb8 101. Kc5 Ka7 102. Kb5 Kb8 103. Bh1 Ka7 104. Ka5 Kb8 105. Kb6 1-0


[Site "https://www.chess.com"]

[Event "Titled Tuesday Blitz March 01 Early 2022"]
[White "Kozlov, Gennady"]
[Black "Osmonbekov, Talaibek"]
[WhiteFideId "4191668"]
[BlackFideId "2017253"]
[WhiteElo "2392"]
[BlackElo "2135"]
[Result "1-0"]
[Round "02"]
[TimeControl "180+1"]
[Date "2022.03.01"]
[WhiteClock "0:00:18"]
[BlackClock "0:00:02"]

1. b3 e5 2. Bb2 d6 3. e3 f5 4. f4 Nc6 5. Bb5 e4 6. Ne2 Nf6 7. O-O Be7 8. Nd4 Bd7 9. Qe1 O-O 10. Nxc6 bxc6 11. Ba6 Rb8 12. a4 Rb6 13. Be2 a5 14. Na3 d5 15. Bc3 Bb4 16. Bd4 Rb8 17. c3 Bd6 18. Qd1 Qe7 19. Nb1 c5 20. Bxf6 Qxf6 21. Ra2 Be6 22. c4 d4 23. exd4 cxd4 24. d3 c5 25. Na3 Rb4 26. Nb5 Bb8 27. Qc2 Qh6 28. dxe4 fxe4 29. Qxe4 Rxb3 30. Bd3 Kh8 31. Raf2 Bf5 32. Qe7 Qf6 33. Qxf6 Rxf6 34. Bxf5 Rxf5 35. g3 Re3 36. Rf3 Re4 37. Rb1 h5 38. Na3 Bc7 39. Rb7 Rf7 40. Nb5 Ree7 41. Ra7 g5 42. Nxc7 g4 43. Rd3 Rxc7 44. Rxa5 Ra7 45. Rxc5 Rfe7 46. Re5 Rxe5 47. fxe5 Rxa4 48. Rxd4 Kg7 49. Kf2 Kf7 50. Ke3 Ra2 51. Kf4 Rxh2 52. Rd7+ Ke6 53. Rd6+ Ke7 54. Kg5 Rc2 55. Rd4 Re2 56. Kxh5 Rxe5+ 57. Kxg4 Re3 58. Kf4 Rc3 59. g4 Ke6 60. g5 Rc1 61. Re4+ Kf7 62. Kf5 Rf1+ 63. Rf4 Rg1 64. Rg4 Rf1+ 65. Ke5 Re1+ 66. Kd6 Rd1+ 67. Kc6 Kg6 68. c5 Kf5 69. Rg2 Kg6 70. Kb7 Rc1 71. c6 Rb1+ 72. Kc8 Rc1 73. c7 Rc3 74. Rd2 Kxg5 75. Kd8 1-0


[Site "https://www.chess.com"]

[Event "Titled Tuesday Blitz March 01 Early 2022"]
[White "Kucuksari, Kaan"]
[Black "Bambino Filho, Antonio Carlos"]
[WhiteFideId "6380166"]
[BlackFideId "2113163"]
[WhiteElo "2305"]
[BlackElo "2463"]
[Result "1-0"]
[Round "02"]
[TimeControl "180+1"]
[Date "2022.03.01"]
[WhiteClock "0:00:08"]
[BlackClock "0:00:08"]

1. d4 Nf6 2. c4 e6 3. g3 c5 4. d5 exd5 5. cxd5 d6 6. Nc3 g6 7. Nf3 Bg7 8. Bg2 O-O 9. O-O a6 10. a4 Re8 11. Bf4 Bf5 12. Nd2 Qd7 13. Nc4 Bf8 14. Nb6 Qd8 15. Nxa8 Nbd7 16. e4 Nxe4 17. Nxe4 Bxe4 18. f3 Bf5 19. g4 g5 20. gxf5 gxf4 21. Kh1 Qxa8 22. Rg1 Kh8 23. Qd2 Bh6 24. Bh3 f6 25. Qf2 Re3 26. Rae1 Qe8 27. Rxe3 fxe3 28. Qh4 Bg5 29. Qg3 e2 30. f4 Bh6 31. Re1 Nb6 32. Qf3 Qxa4 33. Bg2 Qxf4 34. Qxe2 Qe5 35. Qf2 Qf4 36. Qg1 Qd4 37. Re8+ Kg7 38. Qe1 Bg5 39. Re7+ Kh6 40. Qg3 Qf4 41. Qxf4 Bxf4 42. Rxb7 Nc4 43. b3 Nd2 44. Ra7 Nxb3 45. Rxa6 Be5 46. Rc6 Nd4 47. Rc7 Kg5 48. Be4 Kf4 49. Bd3 h5 50. Kg2 Ke3 51. Bc4 Nxf5 52. Kh3 Nd4 53. Rh7 f5 54. Rxh5 f4 55. Rh7 f3 56. Rf7 f2 57. Kg2 Nc2 58. h4 Ne1+ 59. Kh3 Nf3 60. Kg2 Nd2 61. Bf1 Ne4 62. h5 Bf4 63. Re7 Kd4 64. Rf7 Ke5 65. Rf8 Nf6 66. Rf7 Nxh5 67. Rh7 Nf6 68. Rh3 Nxd5 69. Ra3 Kd4 70. Kf3 Be5 71. Ra4+ Kc3 72. Rc4+ Kb3 73. Ke4 Nb4 74. Rc1 d5+ 75. Kxe5 c4 76. Kd4 c3 77. Rxc3+ Ka4 78. Rf3 Nc6+ 79. Kxd5 Nb4+ 80. Kc4 Nc2 81. Rxf2 Ne3+ 82. Kd3 Nd5 83. Kd4 Nb4 84. Bc4 Nc6+ 85. Kc5 Nb4 86. Rb2 Ka3 87. Rb3+ Ka2 88. Rxb4+ 1-0


[Site "https://www.chess.com"]

[Event "Titled Tuesday Blitz March 01 Early 2022"]
[White "Kukula, Pawel"]
[Black "Ferguson, Randal"]
[WhiteFideId "1115081"]
[BlackFideId "30903106"]
[WhiteElo "2203"]
[BlackElo "2075"]
[Result "1-0"]
[Round "02"]
[TimeControl "180+1"]
[Date "2022.03.01"]
[WhiteClock "0:00:54"]
[BlackClock "0:00:03"]

1. e4 c5 2. Nc3 d6 3. d4 cxd4 4. Qxd4 a6 5. b3 Nc6 6. Qd2 g6 7. Bb2 Bh6 8. f4 f5 9. Nd5 e5 10. O-O-O Be6 11. Nh3 fxe4 12. Kb1 Nge7 13. Nf6+ Kf7 14. Nxe4 Bxh3 15. gxh3 d5 16. Ng5+ Bxg5 17. fxg5 d4 18. Bc4+ Kg7 19. Rhf1 Rf8 20. Rxf8 Qxf8 21. Rf1 Nf5 22. Qe2 Qe7 23. h4 Rf8 24. Re1 Ne3 25. Bd3 Nb4 26. Ba3 a5 27. h5 Qxg5 28. Bxb4 axb4 29. Qd2 Qxh5 30. Qxb4 Rf1 31. Bxf1 Qh4 32. Bc4 d3 33. Qxb7+ Kh6 34. Rxe3 dxc2+ 35. Kxc2 Qxh2+ 36. Re2 Qh1 37. Qxh1+ 1-0


[Site "https://www.chess.com"]

[Event "Titled Tuesday Blitz March 01 Early 2022"]
[White "Kushko, Dmitriy"]
[Black "Gormally, Daniel W"]
[WhiteFideId "14162261"]
[BlackFideId "406465"]
[WhiteElo "2225"]
[BlackElo "2543"]
[Result "0-1"]
[Round "02"]
[TimeControl "180+1"]
[Date "2022.03.01"]
[WhiteClock "0:00:09"]
[BlackClock "0:00:22"]

1. Nf3 g6 2. c4 Bg7 3. d4 c5 4. dxc5 Qa5+ 5. Nc3 Qxc5 6. e4 Nc6 7. Be3 Qa5 8. Rc1 Nf6 9. Bd3 Ng4 10. Bd2 Qb6 11. O-O O-O 12. b3 d6 13. Nd5 Qd8 14. Bg5 h6 15. Bh4 g5 16. Bg3 e6 17. Nc3 Nge5 18. Bb1 a6 19. Kh1 Qe7 20. Ne1 b5 21. cxb5 axb5 22. Nxb5 Ba6 23. a4 Bxb5 24. axb5 Na7 25. b6 Nb5 26. Bd3 Nd4 27. Rc7 Qd8 28. f4 gxf4 29. Bxf4 Rb8 30. Rc3 Rxb6 31. Bb1 Qf6 32. Rg3 Rb4 33. Nd3 Nxd3 34. Bxd3 e5 35. Be3 Qe6 36. Bc4 Rxc4 37. bxc4 Kh7 38. Bxd4 exd4 39. Qd3 Be5 40. Rgf3 f6 41. g3 Rc8 42. Rc1 Kg7 43. Kg2 h5 44. Rf5 Rh8 45. Qe2 h4 46. Qg4+ Kf7 47. gxh4 Rg8 0-1


[Site "https://www.chess.com"]

[Event "Titled Tuesday Blitz March 01 Early 2022"]
[White "Kuzmin, Roman"]
[Black "parintele_chess"]
[WhiteFideId "44134932"]
[WhiteElo "1978"]
[BlackElo "2192"]
[Result "0-1"]
[Round "02"]
[TimeControl "180+1"]
[Date "2022.03.01"]
[WhiteClock "0:00:02"]
[BlackClock "0:00:06"]

1. e4 c6 2. d4 d5 3. Nc3 dxe4 4. Nxe4 Nf6 5. Nxf6+ gxf6 6. Nf3 Bg4 7. Be2 Nd7 8. h3 Bh5 9. Nh4 Bxe2 10. Qxe2 e6 11. Bf4 Be7 12. O-O-O Nb6 13. Rhe1 Nd5 14. Bh2 Qa5 15. Kb1 b5 16. f4 f5 17. Nf3 b4 18. Rd3 O-O 19. Ne5 Nc3+ 20. bxc3 bxc3 21. Kc1 Qa3+ 22. Kd1 Qb2 23. Rg3+ Kh8 24. Qd3 Bh4 25. Qxc3 Qxa2 26. d5 Qxd5+ 27. Nd3+ f6 28. Qc5 Bxg3 29. Qxd5 exd5 30. Bxg3 a5 31. Bf2 a4 32. Bd4 Kg7 33. Kd2 a3 34. Ra1 a2 35. Nb4 Ra4 36. Bc3 d4 37. Bxd4 Rxb4 38. Bc5 Rd8+ 39. Kc3 Rb5 40. Be7 Ra8 41. Bb4 c5 42. Ba3 Rxa3+ 43. Kc4 0-1


[Site "https://www.chess.com"]